 Dungeon Crawl Stone Soup version 0.29.1-12-g30fa7ad0bf (webtiles) character file.

Game seed: 2588689593809289580

156 EarthwalkerPL the Covered (level 5, -2/47 HPs)
             Began as a Minotaur Fighter on Jan 8, 2023.
             Slain by an orc wizard
             ... wielding a +0 dagger
              (3 damage)
             ... on level 3 of the Dungeon.
             The game lasted 00:02:42 (1973 turns).

EarthwalkerPL the Covered (Minotaur Fighter)        Turns: 1973, Time: 00:02:42

Health: -2/47      AC:  7    Str: 20    XL:     5   Next: 14%
Magic:  4/4        EV:  9    Int:  5    God:
Gold:   149        SH:  0    Dex: 12    Spells: 4/4 levels left

rFire   . . .      SeeInvis .   a - +0 war axe
rCold   . . .      Faith    .   c - +0 buckler
rNeg    + . .      Spirit   .   b - +0 scale mail
rPois   .          Reflect  .   (helmet restricted)
rElec   .          Harm     .   (no cloak)
rCorr   .          Rampage  .   (no gloves)
Will    .....                   (no boots)
Stlth   ..........              (no amulet)
HPRegen 0.15/turn               i - ring of positive energy
MPRegen 0.09/turn               (no ring)

@: confused
A: horns 2, retaliatory headbutt
a: no special abilities


You were on level 3 of the Dungeon.
You visited 1 branch of the dungeon, and saw 3 of its levels.

You collected 149 gold pieces.

Inventory:

Hand Weapons
 a - a +0 war axe (weapon)
Missiles
 l - 3 curare-tipped darts (quivered)
Armour
 b - a +0 scale mail (worn)
 c - a +0 buckler (worn)
Jewellery
 i - a ring of positive energy (left hand)
Scrolls
 f - a scroll of teleportation {unknown}
 g - a scroll of vulnerability {unknown}
 h - a scroll of immolation {unknown}
 k - a scroll of acquirement {unknown}
 n - 2 scrolls of identify {unknown}
 o - a scroll of noise {unknown}
 p - a scroll of silence {unknown}
Potions
 d - a potion of might
 e - a potion of mutation {unknown}
 j - a potion of cancellation {unknown}
 m - a potion of degeneration {unknown}


   Skills:
 * Level 4.8 Fighting
 * Level 4.1 Axes
 * Level 4.8 Armour
 + Level 4.2 Shields


You had 4 spell levels left.
You didn't know any spells.
Your spell library was empty.

Dungeon Overview and Level Annotations

Branches:
Dungeon (3/15)

Altars:

Shops:
D:2 =


Innate Abilities, Weirdness & Mutations

You have a pair of horns on your head.
You reflexively headbutt those who attack you in melee.


Message History

You miss something.
The ball python bites you but does no damage.
The ball python constricts you. Something hits you but does no damage.
The ball python barely misses you. The ball python constricts you.
Unknown command.
You slash the ball python!
You kill the ball python!
You barely miss something.
You hear some strange, mumbled words.
A puff of flame appears from out of thin air!
You block the puff of flame. Something hits you but does no damage.
You barely miss something. Something hits you.
* * * LOW HITPOINT WARNING * * *
Unknown command.
You closely miss something. Your headbutt misses something.
Something hits you but does no damage.
You hit something but do no damage.
You hear some strange, mumbled words.
A magic dart appears from out of thin air!
The magic dart hits you.
* * * LOW HITPOINT WARNING * * *
Something hits you.
* * * LOW HITPOINT WARNING * * *
You closely miss something. Something hits you but does no damage.
You miss something. Your headbutt misses something.
You block something's attack.
You barely miss something.
You hear some strange, mumbled words.
You are confused.
Something hits you.
* * * LOW HITPOINT WARNING * * *
You barely miss something. Something hits you but does no damage.
Something hits you.
* * * LOW HITPOINT WARNING * * *
Things that are here:
a +0 dagger; a +0 robe; 6 stones You bump into the rock wall.
Something hits you but does no damage.
Unknown command.
Something hits you.
You die...

#.......#
#.......#
#.......#
#.......# .......#
#.#...#
#.#).†###### ...
#..))....... #.#
###@.####### #.#
#..# #.#
#######..# #..
.?......†# ### #.#
#######.##
#...##.#########.#
#..............#
#.####.###########
.....<.#


There were no monsters in sight!

Vanquished Creatures
  An orc wizard (D:3)
  Robin (D:2)
  4 adders
  A gnoll (D:1)
  3 worms
  A dart slug (D:1)
  2 orcs (D:3)
  5 ball pythons
  3 endoplasms
  4 giant cockroaches
  12 goblins
  8 hobgoblins
  4 jackals (D:1)
  A quokka (D:2)
  3 bats (D:1)
  3 frilled lizards (D:1)
  5 rats
61 creatures vanquished.

Notes
Turn   | Place    | Note
-------+----------+-------------------------------------------
     0 | D:1      | EarthwalkerPL the Minotaur Fighter began the quest for the
                  | Orb.
     0 | D:1      | Reached XP level 1. HP: 19/19 MP: 0/0
    21 | D:1      | Reached XP level 2. HP: 26/27 MP: 1/1
   297 | D:1      | Reached XP level 3. HP: 29/33 MP: 2/2
  1071 | D:2      | Noticed Robin
  1087 | D:2      | Reached XP level 4. HP: 19/41 MP: 3/3
  1092 | D:2      | Killed Robin
  1378 | D:2      | Found Geathev's Jewellery Shop.
  1958 | D:3      | Reached XP level 5. HP: 24/47 MP: 4/4
  1970 | D:3      | HP: 1/47 [something (2)]
  1973 | D:3      | Slain by an orc wizard

Illustrated notes

Levels and vault maps discovered:
D:1:      dreamdust_arrival_sigmund_warning, layout_loops_ring,
          minmay_misc_feat_roman
D:2:      layout_basic, serial_shops, shop_fountains,
          chequers_serial_rivers_small_a, palyth_stone_intersect, uniq_robin
D:3:      layout_loops_ring, mainiacjoe_overflow_alcove_1,
          mainiacjoe_overflow_cross_hatched, nicolae_gozag_zags_fifth_avenue

Skill      XL: |  1  2  3  4 |
---------------+-------------+-----
Armour         | 4 |  4.8
Fighting       | 4 |  4.8
Axes           | 3 4 |  4.1
Shields        | 4 |  4.2

Action                   |  1- 3 |  4- 6 || total
-------------------------+-------+-------++-------
Melee: War axe           |    72 |    50 ||   122
       Headbutt          |     7 |     8 ||    15
 Stab: Distracted        |     1 |       ||     1
Armor: Scale mail        |    48 |    32 ||    80
Dodge: Dodged            |    42 |    17 ||    59
Block: Buckler           |    20 |    14 ||    34
